 Dungeon Crawl Stone Soup version 0.23.1 (webtiles) character file.

Game seed: 1339045151488830375

5854 Kniotic the Martial Artist (level 10, -5/82 HPs)
             Began as a Demonspawn Monk on Mar 5, 2019.
             Was a Priest of Cheibriados.
             Slain by a yak (14 damage)
             ... on level 11 of the Dungeon.
             The game lasted 00:17:28 (11359 turns).

Kniotic the Martial Artist (Demonspawn Monk)       Turns: 11359, Time: 00:17:28

Health: -5/82      AC: 13    Str: 20    XL:     10   Next: 52%
Magic:  12/13      EV: 26    Int: 20    God:    Cheibriados [***...]
Gold:   475        SH:  0    Dex: 31    Spells: 9/9 levels left

rFire    . . .     SeeInvis .     - Unarmed
rCold    . . .     Gourm    .   (no shield)
rNeg     . . .     Faith    .   a - +1 robe
rPois    .         Spirit   .   (no helmet)
rElec    .         Reflect  .   o - +0 cloak
rCorr    .         Harm     .   (no gloves)
MR       .....                  (no boots)
Stlth    ++++......             (no amulet)
HPRegen  0.23/turn              (no ring)
MPRegen  0.13/turn              (no ring)

@: agile, sanguine armour, very slow
A: claws 1, demonic guardian 2, spiny 1, sanguine armour 2
a: Bend Time, Temporal Distortion, Renounce Religion


You were on level 11 of the Dungeon.
You worshipped Cheibriados.
Cheibriados was most pleased with you.
You were hungry.

You visited 2 branches of the dungeon, and saw 11 of its levels.

You collected 475 gold pieces.

Inventory:

Armour
 a - a +1 robe (worn)
 o - a +0 cloak (worn)
Jewellery
 n - an uncursed ring of magical power {unknown}
 x - an uncursed amulet of harm {unknown}
Wands
 l - a wand of iceblast (10)
 r - a wand of flame (36)
 s - a wand of digging (8)
Scrolls
 c - 5 scrolls of remove curse
 d - 5 scrolls of identify
 h - 7 scrolls of enchant weapon
 i - 2 scrolls of magic mapping {unknown}
 j - a scroll of noise {unknown}
 k - a scroll of fear {unknown}
 q - a scroll of enchant armour
 t - a scroll of vulnerability {unknown}
 u - a scroll of amnesia
 v - a scroll of blinking {unknown}
 w - a scroll of immolation {unknown}
Potions
 e - 2 potions of agility
 g - 3 potions of flight
 m - 5 potions of curing
 p - a potion of lignification
Comestibles
 b - 32 rations


   Skills:
 + Level 8.6 Fighting
 + Level 7.9 Dodging
 - Level 1.7 Stealth
 - Level 10.1 Unarmed Combat
 + Level 4.2 Invocations


You had 9 spell levels left.
You didn't know any spells.
Your spell library was empty.

Dungeon Overview and Level Annotations

Branches:
Dungeon (9/15)             Temple (1/1) D:7
   Lair: D:8-11         Orc: D:9-12

Altars:
Ashenzari
Cheibriados
Dithmenos
Elyvilon
Fedhas
Gozag
Hepliaklqana
Kikubaaqudgha
Makhleb
Nemelex Xobeh
Okawaru
Qazlal
Ru
Sif Muna
Trog
Uskayaw
Vehumet
Wu Jian
Xom
Yredelemnul
Zin
The Shining One

Shops:
D:7 %

Annotations:
D:4 2 runed translucent doors, Ethylacetat's ghost, novice DsGl
D:11 Maurice; Nergalle


Innate Abilities, Weirdness & Mutations

You have sharp fingernails.
A demonic guardian rushes to your aid.
You are partially covered in sharp spines.
When seriously injured, your bleeding wounds create thick armour. (AC +9)


Message History

Anything else - Cancel.
Gang up on whom?
Press: ? - help, Dir - move target cursor, f - Maurice, p - yak
Aim: Maurice, wielding a +6 short sword of speed, wearing a +0 cloak of magic resistance and carrying a wand of iceblast (6) Attack!
The yak completely misses you.
Maurice casts a spell.
Maurice flickers and vanishes!
Deactivating autopickup; reactivate with Ctrl-A.
You claw the yak!
The yak is moderately wounded.
The yak misses you.
You claw the yak! x2
The yak is almost dead.
The yak is struck by your spines. The yak gores you!
* * * LOW HITPOINT WARNING * * *
You claw the yak!
You kill the yak!
Cheibriados thoroughly appreciates the change of pace.
The yak barely misses you.
Something picks up a blue potion.
The yak gores you!
You die...

....... ....# .......
....# ....... ....#
..... ...# ).. ..#
#.#..# #..# ##4# #@#
# ..#####Y##.##
#...K(†)....#
#########..###(.....#
.....Zo.# ##..)####
.#######.##Y..†...#
.....3§3Y....##Z..#
....#.###.Y.###...#
## ... .Y....####


You could see a spectral orc, a yak and a friendly ice devil.

Vanquished Creatures
  A two-headed ogre (D:8)
  A centaur zombie (D:8)
  A troll (D:9)
  Grinder (D:6)
  2 yaks (D:11)
  Duvessa (D:6)
  3 orc warriors
  2 ice beasts
  A black bear (D:6)
  A sky beast (D:9)
  2 phantoms
  4 ogres
  4 centaurs
  2 big kobolds
  3 bullfrogs (D:8)
  Dowan (D:6)
  A water moccasin zombie (D:9)
  A scorpion (D:6)
  8 killer bees
  4 wights (D:8)
  2 howler monkeys
  A bullfrog zombie (D:9)
  A hound (D:7)
  A jelly (D:5)
  4 orc priests
  A centaur skeleton (D:6)
  7 orc wizards
  Ijyb (D:3)
  A worker ant (D:4)
  4 hound skeletons
  4 gnolls (D:8)
  13 adders
  A shadow imp (D:8)
  An ooze (D:6)
  4 worms
  A dart slug (D:2)
  4 leopard geckos
  20 orcs
  8 bats
  7 giant cockroaches
  7 hobgoblins
  2 jackals (D:3)
  10 kobolds
  4 quokkas
  A ball python (D:5)
  5 frilled lizards
  5 goblins
  A quokka skeleton (D:5)
  15 rats
180 creatures vanquished.

Vanquished Creatures (collateral kills)
  Erolcha (D:11)
  A troll (D:9)
  A yak (D:11)
  2 sky beasts
  3 ogres
  A centaur (D:4)
  A killer bee (D:7)
  A howler monkey (D:4)
  An orc wizard (D:4)
  A hound zombie (D:9)
  A hound skeleton (D:4)
  An adder (D:4)
  A dart slug (D:3)
  An orc (D:8)
  A giant cockroach (D:8)
  2 kobolds (D:11)
20 creatures vanquished.

Vanquished Creatures (others)
  A kobold (D:11)
1 creature vanquished.

Grand Total: 201 creatures vanquished

Notes
Turn   | Place    | Note
-------+----------+-------------------------------------------
     0 | D:1      | Kniotic the Demonspawn Monk began the quest for the Orb.
     0 | D:1      | Reached XP level 1. HP: 18/18 MP: 1/1
   178 | D:1      | Reached skill level 3 in Unarmed Combat
   390 | D:1      | Gained mutation: When seriously injured, your bleeding
                  | wounds create armour. (AC +9) [demonic ancestry]
   390 | D:1      | Reached XP level 2. HP: 15/24 MP: 2/2
  1384 | D:2      | Gained mutation: When seriously injured, your bleeding
                  | wounds create thick armour. (AC +9) [demonic ancestry]
  1384 | D:2      | Reached XP level 3. HP: 28/29 MP: 3/3
  1637 | D:2      | Reached skill level 4 in Unarmed Combat
  2005 | D:2      | Gained mutation: A weak demonic guardian rushes to your
                  | aid. [demonic ancestry]
  2005 | D:2      | Reached XP level 4. HP: 30/35 MP: 4/4
  2680 | D:3      | HP: 1/35 [poisoned by an adder]
  3078 | D:3      | Reached skill level 5 in Unarmed Combat
  3415 | D:3      | Noticed Ijyb
  3419 | D:3      | Paralysed by Ijyb for 7 turns
  3422 | D:3      | Reached XP level 5. HP: 26/41 MP: 5/5
  3431 | D:3      | Killed Ijyb
  4291 | D:4      | Noticed an ogre
  4308 | D:4      | Killed an ogre
  4308 | D:4      | Reached skill level 6 in Unarmed Combat
  4382 | D:4      | Found a large runed translucent door.
  4383 | D:4      | Found a large runed translucent door.
  4392 | D:4      | Noticed Ethylacetat's ghost (novice DsGl)
  4413 | D:4      | Noticed an orc warrior
  4434 | D:4      | Reached XP level 6. HP: 41/47 MP: 6/6
  4465 | D:4      | Killed an orc warrior
  4969 | D:4      | Reached skill level 7 in Unarmed Combat
  5223 | D:5      | Entered Level 5 of the Dungeon
  5426 | D:5      | Gained mutation: You have sharp fingernails. [demonic
                  | ancestry]
  5426 | D:5      | Reached XP level 7. HP: 43/52 MP: 7/7
  6025 | D:4      | Reached skill level 8 in Unarmed Combat
  6457 | D:5      | Found a blossoming altar of Fedhas.
  6535 | D:6      | Noticed Grinder
  6552 | D:6      | Killed Grinder
  6552 | D:6      | Reached skill level 9 in Unarmed Combat
  6552 | D:6      | Reached XP level 8. HP: 58/58 MP: 8/8
  6569 | D:6      | You fall through a shaft!
  6569 | D:7      | Found a hazy altar of Hepliaklqana.
  6572 | D:7      | Found a stormy altar of Qazlal.
  6572 | D:7      | Found a sacrificial altar of Ru.
  6610 | D:7      | Noticed a +0 dagger
  6610 | D:7      | Noticed a +0 dagger
  6653 | D:7      | Found a radiant altar of Vehumet.
  6802 | D:7      | Found a hide-covered altar of Uskayaw.
  6983 | D:6      | HP: 2/58 [sky beast (5)]
  7508 | D:6      | Reached skill level 10 in Unarmed Combat
  7913 | D:6      | Noticed Duvessa
  7913 | D:6      | Noticed Dowan
  7923 | D:6      | Killed Duvessa
  7925 | D:6      | Killed Dowan
  8367 | D:7      | Found a staircase to the Ecumenical Temple.
  8386 | D:7      | Gained mutation: You are partially covered in sharp spines.
                  | [demonic ancestry]
  8386 | D:7      | Reached XP level 9. HP: 43/66 MP: 9/9
  8498 | Temple   | Entered the Ecumenical Temple
  8548 | Temple   | Became a worshipper of Cheibriados the Contemplative
  8548 | Temple   | Reached * piety under Cheibriados
  8548 | Temple   | Reached ** piety under Cheibriados
  8904 | D:7      | Reached skill level 5 in Fighting
  8914 | D:7      | Found Yce Xiag's Food Shoppe.
  8967 | D:8      | Noticed a two-headed ogre
  9030 | D:8      | Reached skill level 5 in Dodging
  9631 | D:8      | Killed a two-headed ogre
  9830 | D:8      | Identified the +1 robe of Kefrus {rN+ Regen+ Int-3 Stlth+}
 10121 | D:8      | Gained mutation: A demonic guardian rushes to your aid.
                  | [demonic ancestry]
 10121 | D:8      | Reached XP level 10. HP: 73/79 MP: 10/10
 10851 | D:9      | Reached *** piety under Cheibriados
 10880 | D:9      | Reached skill level 1 in Invocations
 11094 | D:9      | Found an ancient bone altar of Kikubaaqudgha.
 11163 | D:9      | Found a sparkling altar of Nemelex Xobeh.
 11193 | D:9      | Found a white marble altar of Elyvilon.
 11245 | D:9      | Found a basalt altar of Yredelemnul.
 11322 | D:9      | You fall through a shaft for 2 floors!
 11323 | D:11     | Noticed Nergalle
 11323 | D:11     | Noticed Erolcha
 11343 | D:11     | Noticed Maurice
 11353 | D:11     | Killed Erolcha
 11359 | D:11     | Slain by a yak

Skill      XL: |  1  2  3  4  5  6  7  8  9 10 |
---------------+-------------------------------+-----
Unarmed Combat | 3 4 5 6 7 9 10 | 10.1
Dodging        | 4 6 7 |  7.9
Fighting       | 4 7 8 |  8.6
Invocations    | 4 |  4.2
Stealth        | |  1.7

Action                   |  1- 3 |  4- 6 |  7- 9 | 10-12 || total
-------------------------+-------+-------+-------+-------++-------
Melee: Unarmed           |   155 |   246 |   209 |    66 ||   676
       Punch             |       |     4 |    14 |     3 ||    21
Evoke: Wand              |       |     3 |     3 |       ||     6
  Use: Potion            |       |     5 |     1 |     2 ||     8
       Scroll            |       |       |    11 |     2 ||    13
 Stab: Sleeping          |     7 |     4 |     2 |     2 ||    15
       Paralysed         |       |    11 |     5 |       ||    16
       Distracted        |       |       |     2 |     1 ||     3
  Eat: Chunk             |     4 |    10 |     9 |     1 ||    24
       Ration            |       |       |     1 |       ||     1
Armor: Robe              |    22 |   105 |    39 |    13 ||   179
Dodge: Dodged            |    83 |   217 |   116 |    66 ||   482
